 Dungeon Crawl Stone Soup version 0.30.1-9-gdf580d7c3d (webtiles) character file.

Game seed: 4147725299153033297

3129 Renzlar the Blocker (level 9, -1/81 HPs)
             Began as a Gnoll Fighter on Sept 14, 2023.
             Was an Initiate of Okawaru.
             Slain by a rust devil (11 damage)
             ... on level 8 of the Dungeon on Oct 17, 2023.
             The game lasted 00:23:41 (6275 turns).

Renzlar the Blocker (Gnoll Fighter)                 Turns: 6275, Time: 00:23:42

Health: -1/81      AC: -24   Str: 16    XL:     9   Next: 92%
Magic:  16/16      EV: 12    Int:  7    God:    Okawaru [......]
Gold:   482        SH:  8    Dex: 16    Spells: 17/17 levels left

rFire   . . .        z - +2 spear (heavy)
rCold   . . .        c - +0 buckler
rNeg    . . .        s - +3 chain mail
rPois   .            i - +0 helmet
rElec   .            (no cloak)
rCorr   .            (no gloves)
SInv    +            t - +0 pair of boots
Will    .....        (no amulet)
Stlth   ++           n - ring of see invisible
HPRegen 0.33/turn    (no ring)
MPRegen 0.15/turn

%: no passive effects
@: mighty, heroic, corroded, hasted, very quick
A: fangs 1, strong nose, distributed training, talons 1, agile 1, deformed body,
robust 1, weak 1
a: Renounce Religion


You were on level 8 of the Dungeon.
You worshipped Okawaru.
Okawaru was noncommittal.
You visited 2 branches of the dungeon, and saw 9 of its levels.
You also visited: Sewer.

You collected 482 gold pieces.

Inventory:

Hand Weapons
 a - a +1 war axe of freezing
 l - a +0 demon whip of freezing
 z - a +2 heavy spear (weapon)
Missiles
 o - 4 javelins
 w - 11 poisoned darts (quivered)
Armour
 b - a +1 scale mail
 c - a +0 buckler (worn)
 i - a +0 helmet (worn)
 s - a +3 chain mail (worn)
 t - a +0 pair of boots (worn)
Jewellery
 n - a ring of see invisible (left hand)
Wands
 y - a wand of flame (35)
 A - a wand of iceblast (11)
Scrolls
 k - 5 scrolls of teleportation
 m - 3 scrolls of blinking
 r - a scroll of magic mapping
Potions
 d - a potion of might
 e - 2 potions of brilliance {unknown}
 f - 2 potions of berserk rage {unknown}
 g - 3 potions of curing
 h - a potion of haste
 j - a potion of resistance
 p - a potion of lignification {unknown}
 q - a potion of magic {unknown}
 u - 2 potions of cancellation {unknown}
 x - a potion of heal wounds {unknown}


   Skills:
 + Level 8.2(13.2) Fighting
 + Level 4.9(9.9) Short Blades
 + Level 4.9(9.9) Long Blades
 + Level 6.8(11.8) Axes
 + Level 4.9(9.9) Maces & Flails
 + Level 4.9(9.9) Polearms
 + Level 4.9(9.9) Staves
 + Level 4.9(9.9) Ranged Weapons
 + Level 4.9(9.9) Throwing
 + Level 8.2(13.2) Armour
 + Level 4.9(9.9) Dodging
 + Level 4.9(9.9) Stealth
 + Level 8.2(13.2) Shields
 + Level 4.9(9.9) Unarmed Combat
 + Level 4.9 Spellcasting
 + Level 4.0 Conjurations
 + Level 4.0 Hexes
 + Level 4.0 Summonings
 + Level 4.0 Necromancy
 + Level 4.0 Translocations
 + Level 4.0 Transmutations
 + Level 4.0 Fire Magic
 + Level 4.0 Ice Magic
 + Level 4.0 Air Magic
 + Level 4.0 Earth Magic
 + Level 4.0 Poison Magic
 + Level 5.3 Invocations
 + Level 4.9 Evocations


You had 17 spell levels left.
You didn't know any spells.
Your spell library contained the following spells:

 Spells                   Type           Power      Damage    Failure   Level
 Inner Flame              Hex/Fire       7%         N/A       77%         3
 Portal Projectile        Hex/Tloc       14%        N/A       77%         3
 Flame Wave               Conj/Fire      7%         2d5       99%         4
 Leda's Liquefaction      Hex/Erth       3%         N/A       99%         4
 Sticky Flame             Conj/Fire      7%         2d3       99%         4
 Call Canine Familiar     Summ           Unusable   N/A       N/A         3

Dungeon Overview and Level Annotations

Branches:
Dungeon (8/15)             Temple (1/1) D:7           Sewer (visited)
   Lair: D:8-11

Altars:
Ashenzari
Dithmenos
Gozag
Kikubaaqudgha
Nemelex Xobeh
Okawaru
Qazlal
Sif Muna
Vehumet
Wu Jian
Xom
Zin

Shops:
D:1 !   D:4 *

Annotations:
D:5 1 runed translucent door


Innate Abilities, Weirdness & Mutations

You have very sharp teeth.
Your uncanny sense of smell can sniff out nearby items.
Your experience applies equally to all skills.
You have sharp toenails.
You are agile. (Dex +4, Str/Int -1)
Armour fits poorly on your strangely shaped body.
You are robust. (+10% HP)
You are weak. (Str -2)


Message History

You block the rust devil's attack.
You hit the rust devil but do no damage.
The rust devil is severely wounded.
The rust devil hits you! The rust devil corrodes you!
You hit the rust devil but do no damage.
The rust devil is severely wounded.
You hit the rust devil but do no damage.
The rust devil is severely wounded.
The rust devil hits you!
* * * LOW HITPOINT WARNING * * *
The rust devil corrodes you!
You hit the rust devil but do no damage.
The rust devil is severely wounded.
You hit the rust devil but do no damage.
The rust devil is severely wounded.
The rust devil hits you.
* * * LOW HITPOINT WARNING * * *
The rust devil corrodes you!
Unknown command.
You feel better. The rust devil hits you.
* * * LOW HITPOINT WARNING * * *
The rust devil corrodes you!
You hit the rust devil but do no damage.
Your bite misses the rust devil.
The rust devil is severely wounded.
You hit the rust devil but do no damage.
The rust devil is severely wounded.
You block the rust devil's attack.
You hit the rust devil but do no damage.
The rust devil is severely wounded.
You closely miss the rust devil.
You bite the rust devil, but do no damage.
The rust devil is severely wounded.
The rust devil hits you!
* * * LOW HITPOINT WARNING * * *
The rust devil corrodes you!
You closely miss the rust devil.
The rust devil is severely wounded.
The rust devil hits you!
You die...

## .#
.###########[#
.......@4..<.#
#########.#..#
#.#..# #.#..#
#.#...∆
#.##.## #.# ..
#.# ## #.#


You could see a rust devil.

Vanquished Creatures
  The ghost of Kranky the Shield-Bearer, a novice FoWn of Okawaru (D:5)
  A rust devil (D:8)
  Prince Ribbit (D:5)
  4 water moccasins
  2 ice beasts
  3 orc warriors
  A black bear (D:5)
  An ogre (D:6)
  A centaur (D:6)
  A phantom (D:4)
  A kobold brigand (D:7)
  A gnoll sergeant (D:7)
  2 bullfrogs
  A scorpion (D:4)
  A howler monkey (D:5)
  3 jellies
  A hound (D:4)
  2 iguanas (D:6)
  5 orc wizards
  9 gnolls
  11 adders
  2 river rats
  2 worms
  4 dart slugs
  17 orcs
  6 endoplasms
  9 giant cockroaches (Sewer)
  6 goblins (D:1)
  4 hobgoblins
  6 jackals
  7 quokkas
  13 ball pythons
  2 bats
  8 frilled lizards
  15 kobolds
  8 rats
162 creatures vanquished.

Notes
Turn   | Place    | Note
-------+----------+-------------------------------------------
     0 | D:1      | Renzlar the Gnoll Fighter began the quest for the Orb.
     0 | D:1      | Reached XP level 1. HP: 23/23 MP: 1/1
    61 | D:1      | Reached XP level 2. HP: 26/29 MP: 2/2
   353 | D:1      | Found Yty Melo's Distillery.
   365 | D:1      | Reached XP level 3. HP: 35/35 MP: 3/3
   609 | D:2      | Found a sparkling altar of Nemelex Xobeh.
   740 | D:2      | Reached skill level 1 in Invocations
   785 | D:2      | Reached skill level 1 in Short Blades
   785 | D:2      | Reached skill level 1 in Long Blades
   785 | D:2      | Reached skill level 1 in Maces & Flails
   785 | D:2      | Reached skill level 1 in Polearms
   785 | D:2      | Reached skill level 1 in Staves
   785 | D:2      | Reached skill level 1 in Ranged Weapons
   785 | D:2      | Reached skill level 1 in Throwing
   785 | D:2      | Reached skill level 1 in Dodging
   785 | D:2      | Reached skill level 1 in Stealth
   785 | D:2      | Reached skill level 1 in Unarmed Combat
   785 | D:2      | Reached skill level 1 in Spellcasting
   785 | D:2      | Reached skill level 1 in Evocations
  1259 | D:2      | Reached XP level 4. HP: 41/41 MP: 5/5
  1535 | D:3      | Found a glowing drain.
  1544 | Sewer    | Entered a sewer
  1612 | Sewer    | Reached skill level 1 in Conjurations
  1612 | Sewer    | Reached skill level 1 in Hexes
  1612 | Sewer    | Reached skill level 1 in Summonings
  1612 | Sewer    | Reached skill level 1 in Necromancy
  1612 | Sewer    | Reached skill level 1 in Translocations
  1612 | Sewer    | Reached skill level 1 in Transmutations
  1612 | Sewer    | Reached skill level 1 in Fire Magic
  1612 | Sewer    | Reached skill level 1 in Ice Magic
  1612 | Sewer    | Reached skill level 1 in Air Magic
  1612 | Sewer    | Reached skill level 1 in Earth Magic
  1612 | Sewer    | Reached skill level 1 in Poison Magic
  1719 | Sewer    | Reached XP level 5. HP: 47/47 MP: 7/7
  1955 | D:3      | Reached XP level 6. HP: 53/53 MP: 8/8
  2035 | D:3      | Reached skill level 5 in Axes
  2704 | D:4      | Found Gozag's Platinum Reserve.
  2708 | D:4      | Found an opulent altar of Gozag.
  2935 | D:4      | Reached XP level 7. HP: 49/60 MP: 10/10
  3481 | D:5      | Entered Level 5 of the Dungeon
  3626 | D:5      | Found a runed translucent door.
  3631 | D:5      | Noticed Kranky's ghost (novice FoWn)
  3645 | D:5      | Killed Kranky's ghost
  3646 | D:5      | Reached XP level 8. HP: 67/67 MP: 10/12
  3669 | D:5      | Found a runed translucent door.
  3812 | D:5      | Found a shimmering altar of Xom.
  3916 | D:5      | Noticed Prince Ribbit
  3923 | D:5      | Killed Prince Ribbit
  4782 | D:6      | Reached XP level 9. HP: 73/73 MP: 14/14
  5425 | D:7      | Found a staircase to the Ecumenical Temple.
  5438 | Temple   | Entered the Ecumenical Temple
  5542 | Temple   | Became a worshipper of Warmaster Okawaru
  5543 | Temple   | Upgraded the game from 0.30.1-4-g462c640d31 to
                  | 0.30.1-9-gdf580d7c3d
  5638 | D:7      | Reached skill level 5 in Invocations
  5900 | D:7      | Gained mutation: You are clumsy. (Dex -2) [potion of
                  | mutation]
  5901 | D:7      | Lost mutation: You are clumsy. (Dex -2) [potion of
                  | mutation]
  5901 | D:7      | Gained mutation: You are frail. (-10% HP) [potion of
                  | mutation]
  5901 | D:7      | Gained mutation: You passively dampen the noise of your
                  | surroundings. [potion of mutation]
  5901 | D:7      | Gained mutation: You are weak. (Str -2) [potion of
                  | mutation]
  5901 | D:7      | Gained mutation: You are agile. (Dex +4, Str/Int -1)
                  | [potion of mutation]
  5902 | D:7      | Lost mutation: You are frail. (-10% HP) [potion of
                  | mutation]
  5902 | D:7      | Lost mutation: You passively dampen the noise of your
                  | surroundings. [potion of mutation]
  5902 | D:7      | Gained mutation: Armour fits poorly on your strangely
                  | shaped body. [potion of mutation]
  5902 | D:7      | Gained mutation: You have sharp toenails. [potion of
                  | mutation]
  5902 | D:7      | Gained mutation: You are robust. (+10% HP) [potion of
                  | mutation]
  6129 | D:7      | Noticed a rust devil
  6129 | D:7      | Noticed a rust devil
  6250 | D:8      | Killed a rust devil
  6250 | D:8      | Reached * piety under Okawaru
  6275 | D:8      | Slain by a rust devil

Illustrated notes

Levels and vault maps discovered:
D:1:      matt_arrival_diagonals, layout_basic, serial_shops, shop
D:2:      layout_basic, basic_altar
D:3:      layout_loops_ring, portal_sewer_entry_b
D:4:      layout_gridville, nicolae_gozag_zags_fifth_avenue
D:5:      layout_loops_corners, mainiacjoe_overflow_six_doors_small,
          serial_rivers, chequers_serial_rivers_small_a,
          chequers_serial_rivers_marsh, chequers_serial_rivers_micro_b,
          chequers_serial_rivers_micro_d, chequers_serial_rivers_small_b,
          chequers_serial_rivers_micro_c, ebering_ghost_sewer_f,
          uniq_prince_ribbit1
D:6:      layout_basic
D:7:      cheibrodos_iron_armory, layout_rooms,
          minmay_temple_entry_statues_pillars
D:8:      layout_basic, grunt_temple_overflow_open, uniq_joseph, uniq_grum,
          uniq_amaemon
Temple:   regret_index_temple_generic_petals

Skill      XL: |  1  2  3  4  5  6  7  8  9 |
---------------+----------------------------+-----
Invocations    | 1 2 3 4 5 |  5.3
Short Blades   | 1 2 3 4 |  4.9
Long Blades    | 1 2 3 4 |  4.9
Maces & Flails | 1 2 3 4 |  4.9
Polearms       | 1 2 3 4 |  4.9
Staves         | 1 2 3 4 |  4.9
Ranged Weapons | 1 2 3 4 |  4.9
Throwing       | 1 2 3 4 |  4.9
Dodging        | 1 2 3 4 |  4.9
Stealth        | 1 2 3 4 |  4.9
Unarmed Combat | 1 2 3 4 |  4.9
Spellcasting   | 1 2 3 4 |  4.9
Evocations     | 1 2 3 4 |  4.9
Conjurations   | 1 2 3 4 |  4.0
Hexes          | 1 2 3 4 |  4.0
Summonings     | 1 2 3 4 |  4.0
Necromancy     | 1 2 3 4 |  4.0
Translocations | 1 2 3 4 |  4.0
Transmutations | 1 2 3 4 |  4.0
Fire Magic     | 1 2 3 4 |  4.0
Ice Magic      | 1 2 3 4 |  4.0
Air Magic      | 1 2 3 4 |  4.0
Earth Magic    | 1 2 3 4 |  4.0
Poison Magic   | 1 2 3 4 |  4.0
Axes           | 5 6 |  6.8
Fighting       | 7 8 |  8.2
Armour         | 7 8 |  8.2
Shields        | 7 8 |  8.2

Action                     |  1- 3 |  4- 6 |  7- 9 || total
---------------------------+-------+-------+-------++-------
  Melee: War axe           |    84 |   179 |   179 ||   442
         Bite              |     1 |    12 |    30 ||    43
         Demon whip        |       |     3 |       ||     3
         Spear             |       |       |    81 ||    81
  Throw: Javelin           |       |       |     6 ||     6
         Dart              |       |       |     7 ||     7
 Invoke: Heroism           |       |       |     1 ||     1
    Use: Scroll            |     5 |     5 |     3 ||    13
         Potion            |       |       |     9 ||     9
 Armour: Scale mail        |    44 |    66 |     3 ||   113
         Chain mail        |       |       |   130 ||   130
  Dodge: Dodged            |    31 |    84 |    75 ||   190
  Block: Buckler           |    31 |    42 |    78 ||   151
